 Dungeon Crawl Stone Soup version 0.11.3 (console) character file.

274 Lightli the Skirmisher (level 5, -1/39 HPs)
             Began as a Mummy Stalker on July 1, 2022.
             Splashed by acid (8 damage)
             ... on Level 3 of the Dungeon on July 2, 2022.
             The game lasted 00:17:10 (7803 turns).

Lightli the Skirmisher (Mummy Stalker)              Turns: 7803, Time: 00:17:10

HP  -1/39        AC  1     Str 13      XL: 5   Next: 49%
MP   6/9         EV 12     Int 12      God:
Gold 76          SH  0     Dex 13      Spells:  2 memorised,  8 levels left

Res.Fire  : x . .   See Invis. : .   a - +2,-3 dagger {=f}
Res.Cold  : + . .   Warding    : .   b - +0 robe
Life Prot.: + + +   Conserve   : .   (no shield)
Res.Poison: +       Res.Corr.  : .   (no helmet)
Res.Elec. : .       Clarity    : .   c - -2 cloak
Sust.Abil.: . .     Spirit.Shd : .   (no gloves)
Res.Mut.  : .       Stasis     : .   (no boots)
Res.Rott. : +       Ctrl.Telep.: .   p - amulet of faith {unknown}
Saprovore : . . .   Levitation : .   (no ring) Ctrl.Flight: .
                                     (no ring)

@: slightly resistant to hostile enchantments, fairly stealthy
A: no food or potions, fire vulnerability, restore body, cold resistance 1, life
protection 3, poison resistance, torment resistance, unbreathing
a: no special abilities


You were on level 3 of the Dungeon.
You were not hungry.

You visited 1 branch of the dungeon, and saw 3 of its levels.

You collected 56 gold pieces.

Inventory:

Hand weapons
 a - a +2,-3 dagger (weapon) {=f}
 o - a +1,+2 falchion of electrocution
Armour
 b - a +0 robe (worn)
 c - a -2 cloak (worn)
Scrolls
 f - a scroll of enchant armour {unknown}
 g - a scroll of enchant weapon I {unknown}
 h - a scroll of remove curse {unknown}
 i - a scroll of identify {unknown}
 j - a scroll of curse jewellery {unknown}
 l - a scroll of random uselessness {unknown}
Jewellery
 p - an amulet of faith (around neck) {unknown}
Potions
 e - 11 potions of confusion
 k - a potion of curing {unknown}
 m - 2 potions of water
 n - a potion of poison
Books
 d - a book of Stalking

   Spells                             Type                      Level
   *Fulsome Distillation              Transmutation/Necromancy     1
   *Evaporate                         Fire/Transmutation           2
   Passwall                           Transmutation/Earth          3
   Petrify                            Transmutation/Earth          4
   Dig                                Transmutation/Earth          4


   Skills:
 - Level 3.7 Fighting
 - Level 0.7 Short Blades
 - Level 1.5 Dodging
 - Level 1.5 Stealth
 - Level 1.5 Stabbing
 + Level 3.5 Spellcasting
 - Level 1.5 Transmutations


You had 8 spell levels left.
You knew the following spells:

 Your Spells              Type           Power        Failure   Level  Hunger
a - Fulsome Distillation  Trmt/Necr      N/A          17%         1    N/A
b - Evaporate             Fire/Trmt      #......      28%         2    N/A

Dungeon Overview and Level Annotations

Branches:
Dungeon (3/27)

Altars:
Makhleb


Innate Abilities, Weirdness & Mutations

You do not eat or drink.
Your flesh is vulnerable to fire.
Your flesh is cold resistant.
You are immune to negative energy.
Your system is resistant to poisons.
You are immune to unholy pain and torment.
You can survive without breathing.


Message History

The jelly is heavily wounded.
The jelly closely misses you.
You hit the jelly but do no damage.
Your +2,-3 dagger {=f} resists.
The jelly is heavily wounded.
The jelly closely misses you.
You hit the jelly but do no damage.
The jelly is heavily wounded.
The jelly barely misses you.
You hit the jelly.
The jelly is heavily wounded.
The jelly hits you.
You are splashed with acid!
The acid corrodes your -1 cloak!
The acid burns!
Unknown command.
Unknown command.
You hit the jelly.
The jelly is heavily wounded.
The jelly hits you.
* * * LOW HITPOINT WARNING * * *
You are splashed with acid!
The acid burns!
You die...

..............#....
................##
###.................
..................#
####................#
....................#
#.####.....(.........)#
#......................
#####J@...........##..# ##
#.......####+#########..# ..
....... #........ J# #####.#####.
#.#######
.###########.......####.......#
...#.........................##.#
##.#.#.......................##.#
.....#..............#######..##.#
........######...........##..##.#


You could see a jelly.

Vanquished Creatures
  A giant frog (D:3)
  5 adders
  2 worms
  2 giant geckos
  6 orcs (D:3)
  6 giant cockroaches
  11 hobgoblins
  3 jackals (D:3)
  6 kobolds
  A ball python (D:2)
  6 bats
  6 giant newts
  7 goblins
  10 rats
  2 toadstools
74 creatures vanquished.

Vanquished Creatures (others)
  A human (D:2)
  A spriggan (D:2)
  4 dwarves (D:2)
  An elf (D:2)
  2 kobolds (D:2)
  4 rats (D:1)
13 creatures vanquished.

Grand Total: 87 creatures vanquished

Notes
Turn   | Place    | Note
--------------------------------------------------------------
     0 | D:1      | Lightli, the Mummy Stalker, began the quest for the Orb.
     0 | D:1      | Reached XP level 1. HP: 15/15 MP: 1/1
   280 | D:1      | Reached skill level 2 in Fighting
   403 | D:1      | Reached XP level 2. HP: 12/21 MP: 2/2
   755 | D:1      | HP: 1/21 [giant gecko (5)]
  1300 | D:1      | Learned a level 2 spell: Evaporate
  1620 | D:1      | Reached skill level 3 in Fighting
  1620 | D:1      | Reached XP level 3. HP: 16/27 MP: 3/3
  5411 | D:1      | Noticed a hungry ghost
  5635 | D:2      | Noticed a dwarf
  5635 | D:2      | Noticed an elf
  5635 | D:2      | Noticed a spriggan
  5637 | D:2      | Killed an elf
  5637 | D:2      | Killed a spriggan
  5638 | D:2      | Killed a dwarf
  5874 | D:2      | Found a burning altar of Makhleb.
  5874 | D:2      | Noticed a human
  5875 | D:2      | Noticed a dwarf
  5875 | D:2      | Noticed a dwarf
  5876 | D:2      | Noticed a dwarf
  5877 | D:2      | Killed a dwarf
  5877 | D:2      | Killed a dwarf
  5878 | D:2      | Killed a dwarf
  5879 | D:2      | Killed a human
  6128 | D:2      | Reached XP level 4. HP: 18/33 MP: 1/5
  6980 | D:3      | Noticed a giant frog
  7306 | D:3      | Killed a giant frog
  7306 | D:3      | Reached XP level 5. HP: 11/39 MP: 0/9
  7803 | D:3      | Splashed by acid
